 Dungeon Crawl Stone Soup version 0.14.0-15-g6b16f67 (webtiles) character file.

231 Heini the Covered (level 4, -4/40 HPs)
             Began as a Minotaur Fighter on Apr 18, 2014.
             Killed by divine providence
             ... invoked by an orc priest
              (12 damage)
             ... on Level 3 of the Dungeon.
             The game lasted 00:03:56 (1629 turns).

Heini the Covered (Minotaur Fighter)                Turns: 1629, Time: 00:03:58

HP  -4/40        AC  7     Str 21      XL: 4   Next: 54%
MP   2/2         EV  6     Int  5      God:
Gold 126         SH 19     Dex 10      Spells:  0 memorised,  3 levels left

rFire  . . .     SeeInvis .     e - +0 flail
rCold  . . .     Clarity  .     b - +0 scale mail
rNeg   . . .     Conserve .     c - +0 shield
rPois  .         rCorr    .     (helmet restricted)
rElec  .         rRot     .     (no cloak)
SustAb . .       Spirit   .     (no gloves)
rMut   .         Warding  .     (no boots)
Saprov . . .     Stasis   .     (no amulet)
MR     .....                    (no ring)
                                (no ring)

@: not resistant to hostile enchantments, extremely unstealthy
A: retaliatory headbutt, horns 2
a: no special abilities


You were on level 3 of the Dungeon.
You were not hungry.

You visited 1 branch of the dungeon, and saw 3 of its levels.

You collected 126 gold pieces.

Inventory:

Hand weapons
 a - a +0,+0 flail
 e - a +0,+0 flail (weapon)
 p - a +0,+0 flail
Missiles
 o - 16 stones (quivered)
Armour
 b - a +0 scale mail (worn)
 c - a +0 shield (worn)
Comestibles
 d - 4 bread rations
 j - a pear
 n - 2 lemons
 r - an apple
 u - a chunk of hobgoblin flesh
 w - a beef jerky
 x - 2 chunks of quokka flesh
Scrolls
 g - 3 scrolls of identify {unknown}
 k - a scroll of immolation {unknown}
 l - a scroll of enchant weapon I {unknown}
 m - 5 scrolls of remove curse {unknown}
 q - a scroll of enchant weapon II {unknown}
 s - a scroll of enchant armour {unknown}
 t - a scroll of teleportation {unknown}
Jewellery
 f - an uncursed ring of protection from fire {unknown}
 v - an uncursed ring of see invisible {unknown}
Potions
 h - 2 potions of lignification {unknown}
 i - a potion of degeneration {unknown}


   Skills:
 * Level 4.3 Fighting
 * Level 3.5 Maces & Flails
 * Level 4.9 Armour
 + Level 1.2 Dodging
 - Level 3.9 Shields


You had 3 spell levels left.
You didn't know any spells.

Dungeon Overview and Level Annotations

Branches:
Dungeon (3/15)

Altars:


Innate Abilities, Weirdness & Mutations

You reflexively headbutt those who attack you in melee.
You have a pair of horns on your head.


Message History

The orc priest hits you with a mace.
An orc priest comes into view. It is wielding a trident.
You barely miss the orc priest.
The orc priest shouts!
The orc priest barely misses you.
You barely miss the orc priest.
You headbutt the orc priest, but do no damage.
You block the orc priest's attack.
You closely miss the orc priest. The orc priest barely misses you.
You hit the orc priest but do no damage.
The orc priest invokes the aid of Beogh against you.
Something smites you! The orc priest closely misses you.
You hit the orc priest but do no damage.
The orc sings a few bars from the Orcish anthem.
The orc priest invokes the aid of Beogh against you.
Something smites you!
* * * LOW HITPOINT WARNING * * *
The orc priest invokes the aid of Beogh against you.
Something smites you!
You die...

. . . o. .#. .o. ##..
# ..# #> #o#
###.###o######.#
#.......@......#
#.#.....########
#.####..# #.# #..# #.#
#..# # #.####..# ..?
#######.......###...#
#..........%).........
#.##.##.####..........


You could see 2 orc priests and an orc.

Vanquished Creatures
  Terence (D:2)
  5 adders (D:2)
  A worm (D:2)
  An ooze (D:1)
  An orc (D:2)
  2 giant cockroaches
  7 hobgoblins
  8 kobolds
  2 quokkas (D:3)
  7 bats
  3 giant newts
  5 goblins
  3 rats
46 creatures vanquished.

Notes
Turn   | Place    | Note
--------------------------------------------------------------
     0 | D:1      | Heini, the Minotaur Fighter, began the quest for the Orb.
     0 | D:1      | Reached XP level 1. HP: 19/19 MP: 1/1
   106 | D:1      | Reached XP level 2. HP: 27/27 MP: 1/1
   479 | D:2      | Reached skill level 4 in Armour
   502 | D:2      | HP: 1/27 [poisoned by an adder]
   673 | D:2      | Noticed Terence
   680 | D:2      | Killed Terence
   680 | D:2      | Reached XP level 3. HP: 9/33 MP: 2/2
  1265 | D:2      | Reached XP level 4. HP: 32/40 MP: 2/2
  1461 | D:2      | Reached skill level 1 in Dodging
  1629 | D:3      | Killed from afar by an orc priest

Action                   |  1- 3 |  4- 6 || total
-------------------------+-------+-------++-------
Melee: Flail             |    72 |    40 ||   112
  Use: Potion            |     1 |       ||     1
